 Dungeon Crawl Stone Soup version 0.31.0-11-ge490571c62 (webtiles) character file.

Game seed: 10248410574275127646

376 CougarLife the Chopper (level 6, -5/57 HPs)
             Began as a Minotaur Fighter on Jan 29, 2024.
             Slain by a sleepcap (7 damage)
             ... on level 6 of the Dungeon.
             The game lasted 00:02:54 (2049 turns).

CougarLife the Chopper (Minotaur Fighter)           Turns: 2049, Time: 00:02:54

Health: -5/57      AC:  7    Str: 23    XL:     6   Next: 44%
Magic:  5/5        EV:  9    Int:  5    God:
Gold:   155        SH:  4    Dex:  9    Spells: 5/5 levels left

rFire   . . .        a - +0 war axe
rCold   . . .        c - +0 buckler
rNeg    . . .        b - +0 scale mail
rPois   .            (helmet restricted)
rElec   .            (no cloak)
rCorr   .            (no gloves)
SInv    .            (no boots)
Will    .....        (no amulet) Stlth
                     (no ring)
HPRegen 0.29/turn    (no ring)
MPRegen 0.09/turn

%: no passive effects
@: mighty
A: horns 2, retaliatory headbutt
a: no special abilities


You were on level 6 of the Dungeon.
You visited 1 branch of the dungeon, and saw 5 of its levels.

You collected 175 gold pieces.
You spent 20 gold pieces at shops.

Inventory:

Hand Weapons
 a - a +0 war axe (weapon)
Missiles
 q - 6 poisoned darts (quivered)
Armour
 b - a +0 scale mail (worn)
 c - a +0 buckler (worn)
Wands
 s - a wand of charming (4)
 t - a wand of flame (14)
Scrolls
 e - 2 scrolls of noise
 f - 2 scrolls of amnesia {unknown}
 i - a scroll of vulnerability {unknown}
 j - 5 scrolls of teleportation
 k - a scroll of summoning {unknown}
 l - a scroll of fear {unknown}
 n - 2 scrolls of blinking {unknown}
 o - a scroll of acquirement {unknown}
 v - a scroll of poison {unknown}
Potions
 d - a potion of might
 g - a potion of cancellation {unknown}
 h - a potion of attraction {unknown}
 m - a potion of haste {unknown}
 p - a potion of curing {unknown}
 r - a potion of berserk rage {unknown}
 u - a potion of mutation {unknown}


   Skills:
 + Level 5.7 Fighting
 * Level 6.6 Axes
 - Level 4.0 Armour
 - Level 4.0 Shields


You had 5 spell levels left.
You didn't know any spells.
Your spell library was empty.

Dungeon Overview and Level Annotations

Branches:
Dungeon (6/15)             Temple (0/1) D:6

Altars:
Dithmenos
Qazlal

Shops:
D:2 ?


Innate Abilities, Weirdness & Mutations

You have a pair of horns on your head.
You reflexively headbutt those who attack you in melee.


Message History

The ball of steam hits you!
You closely miss the steam dragon.
The steam dragon is lightly wounded.
You are engulfed in a cloud of scalding steam.
The steam dragon breathes steam at you. The ball of steam hits you!
You closely miss the steam dragon.
The steam dragon is lightly wounded.
You are engulfed in a cloud of scalding steam.
You block the steam dragon's attack. The steam dragon closely misses you.
You slash the steam dragon! Your headbutt misses the steam dragon.
The steam dragon is moderately wounded.
You are engulfed in a cloud of scalding steam.
The steam dragon bites you. The steam dragon barely misses you.
You slash the steam dragon!
The steam dragon is almost dead.
You are engulfed in a cloud of scalding steam.
* * * LOW HITPOINT WARNING * * *
You block the steam dragon's attack. x2
The steam dragon breathes steam at you. The ball of steam hits you.
* * * LOW HITPOINT WARNING * * *
You slash the steam dragon!
You kill the steam dragon!
The steam dragon scales are intact enough to wear.
Your Axes skill increases to level 6!
You have reached level 6!
Unknown command.
You closely miss the hound. The hound closely misses you. The hound bites you.
* * * LOW HITPOINT WARNING * * *
You slash the hound!
You kill the hound!
You hit the sleepcap. You headbutt the sleepcap!
The sleepcap is severely damaged.
The sleepcap releases spores at you.
* * * LOW HITPOINT WARNING * * *
You slash the sleepcap!
You destroy the sleepcap!
The sleepcap releases spores at you!
You die...

#.# #.#
#.# #.#
####.#
#...)#
#.#### #.#
### #@#
....# #f#
..⌠...##.#
....ff...#
⌠.>.⌠..###
...[..#
..⌠...
....# ###.


You could see a sleepcap.

Vanquished Creatures
  A steam dragon (D:6)
  A bombardier beetle (D:3)
  2 hounds (D:6)
  Jessica (D:3)
  A sleepcap (D:6)
  An orc wizard (D:6)
  An adder (D:6)
  A dart slug (D:5)
  2 ribbon worms
  9 orcs
  4 bats
  4 endoplasms
  5 giant cockroaches
  11 goblins
  6 hobgoblins
  9 jackals
  6 kobolds
  4 quokkas
  4 ball pythons
  8 frilled lizards
  2 rats
83 creatures vanquished.

Notes
Turn   | Place    | Note
-------+----------+-------------------------------------------
     0 | D:1      | CougarLife the Minotaur Fighter began the quest for the
                  | Orb.
     0 | D:1      | Reached XP level 1. HP: 19/19 MP: 0/0
    87 | D:1      | Reached XP level 2. HP: 26/26 MP: 1/1
   276 | D:1      | Reached skill level 3 in Axes
   387 | D:1      | Reached XP level 3. HP: 28/33 MP: 2/2
   865 | D:2      | Found Renig's Magic Scroll Shoppe.
   868 | D:2      | Bought a scroll of identify for 20 gold pieces
   948 | D:2      | Reached skill level 4 in Axes
  1188 | D:3      | Reached XP level 4. HP: 40/40 MP: 3/3
  1200 | D:3      | Found a shadowy altar of Dithmenos.
  1233 | D:3      | Noticed Jessica
  1241 | D:3      | Killed Jessica
  1358 | D:3      | Found a stormy altar of Qazlal.
  1371 | D:3      | Reached XP level 5. HP: 38/47 MP: 4/4
  1376 | D:3      | Reached skill level 5 in Axes
  1608 | D:3      | You fall into a shaft and drop 2 floors!
  1608 | D:5      | Entered Level 5 of the Dungeon
  1718 | D:5      | Noticed a water moccasin
  1808 | D:6      | Reached skill level 5 in Fighting
  2032 | D:6      | Found a staircase to the Ecumenical Temple.
  2032 | D:6      | Noticed a steam dragon
  2045 | D:6      | Killed a steam dragon
  2046 | D:6      | Reached skill level 6 in Axes
  2046 | D:6      | Reached XP level 6. HP: 5/56 MP: 5/5
  2048 | D:6      | HP: 1/57 [sleepcap (4)]
  2049 | D:6      | Slain by a sleepcap

Illustrated notes

Levels and vault maps discovered:
D:1:      minmay_arrival_checkered_box, layout_loops_ring
D:2:      cheibrodos_helix_gallery, layout_basic, serial_shops,
          nicolae_shop_rolled_up
D:3:      layout_loops_ring, grunt_dithmenos_smoke, grunt_qazlal_sundering,
          gammafunk_temple_overflow_wave, shapermc_ecumenical_altar_notcrosses,
          kennysheep_doodads, due_unseen_surprise, uniq_crazy_yiuf_cottage,
          uniq_jessica
D:5:      layout_basic, nicolae_overflow_hidden_temple, uniq_eustachio,
          uniq_blork_the_orc
D:6:      layout_loops_ring, nicolae_ru_great_annihilating_truth,
          overflow_temple_1_default, temple_fountains, uniq_menkaure

Skill      XL: |  1  2  3  4  5 |
---------------+----------------+-----
Armour         | 4 |  4.0
Shields        | 4 |  4.0
Axes           | 3 4 6 |  6.6
Fighting       | 4 5 |  5.7

Action                     |  1- 3 |  4- 6 || total
---------------------------+-------+-------++-------
  Melee: War axe           |    90 |    59 ||   149
         Headbutt          |     9 |     4 ||    13
    Use: Scroll            |     2 |       ||     2
         Potion            |       |     1 ||     1
 Armour: Scale mail        |    62 |    54 ||   116
  Dodge: Dodged            |    46 |    21 ||    67
  Block: Buckler           |    23 |    11 ||    34
